 Dungeon Crawl Stone Soup version 0.19.1-1-g22dce08 (webtiles) character file.

25 Queen the Cudgeler (level 2, 0/26 HPs)
             Began as a Minotaur Chaos Knight on Jan 16, 2017.
             Slain by a worm (17 damage)
             ... on level 2 of the Dungeon.
             The game lasted 00:03:39 (845 turns).

Queen the Cudgeler (Minotaur Chaos Knight)           Turns: 845, Time: 00:03:40

Health: 0/26       AC:  5    Str: 16    XL:     2   Next: 86%
Magic:  1/1        EV: 11    Int:  9    God:    Xom [.*....]
Gold:   33         SH:  0    Dex:  9    Spells: 0 memorised, 1 level left

rFire  . . .     SeeInvis .     a - +0 mace (chaos)
rCold  . . .     Gourm    .     b - +2 leather armour
rNeg   . . .     Faith    .     (no shield)
rPois  .         Spirit   .     (helmet restricted)
rElec  .         Reflect  .     (no cloak)
rCorr  .         Harm     .     (no gloves)
MR     +....                    (no boots)
Stlth  +.........               (no amulet)
                                (no ring)
                                k - ring of protection from magic

@: drained
A: retaliatory headbutt, horns 2
a: Renounce Religion


You were on level 2 of the Dungeon.
You worshipped Xom.
You were a plaything of Xom.
You were not hungry.

You visited 1 branch of the dungeon, and saw 2 of its levels.

You collected 33 gold pieces.

Inventory:

Hand Weapons
 a - a +0 mace of chaos (weapon)
Armour
 b - a +2 leather armour (worn)
Jewellery
 k - a ring of protection from magic (left hand)
Scrolls
 l - a scroll of teleportation {unknown}
 m - a scroll of enchant armour {unknown}
 o - a scroll of enchant weapon {unknown}
 p - a scroll of identify {unknown}
Potions
 e - a potion of brilliance {unknown}
 h - a potion of degeneration {unknown}
 i - 2 potions of cancellation {unknown}
 j - a potion of might {unknown}
Comestibles
 c - a bread ration
 d - 2 meat rations
 f - 2 chunks of flesh
 n - a beef jerky


   Skills:
 - Level 3.6(3.5) Fighting
 + Level 5.0 Maces & Flails
 - Level 2.4(2.3) Armour
 - Level 1.1(1.0) Dodging


You had one spell level left.
You didn't know any spells.

Dungeon Overview and Level Annotations

Branches:
Dungeon (2/15)

Altars:
Okawaru
Trog


Innate Abilities, Weirdness & Mutations

You reflexively headbutt those who attack you in melee.
You have a pair of horns on your head.


Message History

Found 12 gold pieces.
Found a stone staircase leading up.
You barely miss the worm. You headbutt the worm.
The worm is lightly wounded.
You hit the worm.
You heal the worm.
The worm is completely healed.
Xom thinks this is hilarious!
The worm bites you but does no damage.
You barely miss the worm. The worm bites you but does no damage.
You hit the worm.
The worm goes berserk!
The worm is lightly wounded.
The worm bites you.
You hit the worm but do no damage.
The worm is lightly wounded.
The worm bites you.
You sock the worm!
The worm is moderately wounded.
The worm bites you!
Ouch! That really hurt!
You die... "It's all fun and games until someone loses an eye."

. .## #.# ## ..# # ..#
#.#.# #.# #<###.#.# #.#
#....w..# #.## # # #@#
#..## ##
#...##.########...####.
......................'.
##...##.########<..####.
.$.. #.# #..## ## .##
#.# #.## # ..# #.### ###
#...# ###.#


You could see a worm (berserk).

Vanquished Creatures
  A dart slug (D:2)
  A giant cockroach (D:1)
  2 goblins (D:1)
  A hobgoblin (D:1)
  A quokka (D:2)
  A ball python (D:1)
  7 bats
  A frilled lizard (D:1)
  4 kobolds (D:1)
  A rat (D:1)
20 creatures vanquished.

Vanquished Creatures (collateral kills)
  A dart slug (D:2)
1 creature vanquished.

Grand Total: 21 creatures vanquished

Notes
Turn   | Place    | Note
-------+----------+-------------------------------------------
     0 | D:1      | Queen the Minotaur Chaos Knight began the quest for the Orb.
     0 | D:1      | Reached XP level 1. HP: 19/19 MP: 0/0
   107 | D:1      | Reached skill level 4 in Maces & Flails
   150 | D:1      | Reached XP level 2. HP: 19/26 MP: 1/1
   201 | D:1      | XOM: harmless Conj miscast
   279 | D:1      | XOM: divination: magic mapping
   611 | D:2      | Found a bloodstained altar of Trog.
   613 | D:2      | Found an iron altar of Okawaru.
   756 | D:2      | XOM: divination: magic mapping
   792 | D:2      | XOM: summons 2 friendly demons
   793 | D:2      | Reached skill level 5 in Maces & Flails
   845 | D:2      | Slain by a worm

Skill      XL: |  1  2 |
---------------+-------+-----
Maces & Flails | 4 5 |  5.0
Fighting       | |  3.6
Armour         | |  2.4
Dodging        | |  1.1

Action                   || total
-------------------------++-------
Melee: Mace              ||    48
       Headbutt          ||     5
Armor: Scale mail        ||    14
       Leather armour    ||    11
Dodge: Dodged            ||    27
